 Dungeon Crawl Stone Soup version 0.27-a0-1158-gaa87e14f67 (console) character file.

Game seed: 17806717017059012436

663 jejorda2 the Spear-Bearer (level 7, 0/56 HPs)
             Began as a Merfolk Berserker on May 15, 2021.
             Was a Priest of Trog.
             Slain by Prince Ribbit (11 damage)
             ... on level 5 of the Dungeon.
             The game lasted 00:09:21 (5531 turns).

jejorda2 the Spear-Bearer (Merfolk Berserker)       Turns: 5531, Time: 00:09:22

Health: 0/56       AC:  8    Str: 19    XL:     7   Next: 56%
Magic:  7/7        EV: 11    Int:  6    God:    Trog [***...]
Gold:   225        SH:  0    Dex: 14    Spells: 6/6 levels left

rFire    . . .     SeeInvis .   a - +1 spear
rCold    . . .     Faith    .   (no shield)
rNeg     . . .     Spirit   .   s - +0 ring mail
rPois    .         Reflect  .   (no helmet)
rElec    .         Harm     .   (no cloak)
rCorr    .         Rampage  .   k - +1 pair of gloves
Will     ++...                  x - +0 pair of boots
Stlth    +.........             b - amulet of the acrobat
HPRegen  1.18/turn              (no ring)
MPRegen  0.10/turn              (no ring)

@: strong-willed, regenerating
A: (nimble swimmer 2), mertail
a: Renounce Religion, Berserk, Trog's Hand


You were on level 5 of the Dungeon.
You worshipped Trog.
Trog was most pleased with you.
You visited 1 branch of the dungeon, and saw 5 of its levels.

You collected 225 gold pieces.

Inventory:

Hand Weapons
 a - a +1 spear (weapon)
Missiles
 f - 3 silver boomerangs
 i - 4 atropa-tipped darts
 p - 17 poisoned darts (quivered)
Armour
 k - a +1 pair of gloves (worn)
 s - a +0 ring mail (worn)
 x - a +0 pair of boots (worn)
Jewellery
 b - an amulet of the acrobat (around neck)
Wands
 v - a wand of acid (5)
Scrolls
 c - a scroll of identify
Potions
 g - a potion of flight
 h - a potion of might {unknown}
 l - a potion of invisibility {unknown}
 m - 3 potions of attraction
 n - 2 potions of haste {unknown}
 q - a potion of berserk rage {unknown}
 t - 2 potions of curing {unknown}


   Skills:
 + Level 5.2 Fighting
 * Level 8.6 Polearms
 - Level 3.0 Throwing
 + Level 3.0 Armour
 - Level 2.6 Dodging


You had 6 spell levels left.
You didn't know any spells.
Your spell library was empty.

Dungeon Overview and Level Annotations

Branches:
Dungeon (5/15)             Temple (0/1) D:4

Altars:
Hepliaklqana
Sif Muna
Xom
The Shining One

Shops:
D:2 (

Annotations:
D:5 Prince Ribbit


Innate Abilities, Weirdness & Mutations

((You are quick and stealthy near water. (Stealth+, EV+, Speed+++)))
Your lower body shifts to a powerful aquatic tail in water.


Message History

You miss Prince Ribbit.
Prince Ribbit is moderately wounded.
Prince Ribbit hits you but does no damage.
You closely miss Prince Ribbit.
Prince Ribbit is moderately wounded.
Prince Ribbit closely misses you.
You hit Prince Ribbit.
Prince Ribbit is moderately wounded.
Prince Ribbit closely misses you.
You hit Prince Ribbit.
Prince Ribbit is heavily wounded.
Prince Ribbit blinks!
Reach: a) +1 spear
Press: ? - help, Dir - move target, f/p - Prince Ribbit
Aim: Prince Ribbit (heavily wounded, about 49% to evade your +1 spear)
You reach to attack!
You hit Prince Ribbit.
Prince Ribbit is heavily wounded.
You hit Prince Ribbit.
Prince Ribbit is severely wounded.
Prince Ribbit hits you.
You hit Prince Ribbit.
Prince Ribbit is severely wounded.
Prince Ribbit croaks regally.
Prince Ribbit hits you but does no damage.
You miss Prince Ribbit.
Prince Ribbit is severely wounded.
You hit Prince Ribbit.
Prince Ribbit is severely wounded.
Prince Ribbit completely misses you.
You closely miss Prince Ribbit.
Prince Ribbit is severely wounded.
Prince Ribbit hits you but does no damage.
You puncture Prince Ribbit!
Prince Ribbit is almost dead.
Prince Ribbit hits you!
* * * LOW HITPOINT WARNING * * *
You hit Prince Ribbit.
Prince Ribbit is almost dead.
Prince Ribbit hits you!
You die...

*** ,,****** ,,,,,,,**
*,****,,* *,* **,**####*
*,* *,,,,...##* *,*
*******...## *,* **#..#
** *,* ***********#@###
*****, *,*
*,,,,,,,,,*#.F.####
*,,,*,
*,***,,,,,,,,,*###....##
*,*,*, *,,**,,,,,,,,,*
####..### *,*,,,
**,,,,,,,,,,,,*
##...#**,#**,
*******,*,,###*
###.##..# *, *,*,,,..*
#.(.....# *, ***
*,,,**#.## ##.####..#***
,,** **.,***..#
#.≈♣#*,,..#*


You could see Prince Ribbit.

Vanquished Creatures
  An ogre (D:4)
  A phantom (D:4)
  A scorpion (D:4)
  A howler monkey (D:4)
  An orc priest (D:4)
  A hound (D:4)
  A jelly (D:5)
  A bullfrog skeleton (D:5)
  2 iguanas
  An orc wizard (D:4)
  A howler monkey skeleton (D:4)
  8 adders
  3 gnolls (D:4)
  An adder zombie (D:5)
  3 dart slugs
  18 orcs
  2 endoplasms
  3 giant cockroaches
  6 goblins
  9 hobgoblins
  6 jackals (D:2)
  2 kobolds (D:1)
  3 quokkas
  8 ball pythons
  2 frilled lizards (D:1)
  8 rats
94 creatures vanquished.

Notes
Turn   | Place    | Note
-------+----------+-------------------------------------------
     0 | D:1      | jejorda2 the Merfolk Berserker began the quest for the Orb.
     0 | D:1      | Reached XP level 1. HP: 18/18 MP: 1/1
   310 | D:1      | Reached XP level 2. HP: 24/24 MP: 2/2
   645 | D:1      | Reached skill level 5 in Polearms
  1408 | D:2      | Found a faded altar of an unknown god.
  1524 | D:2      | Reached XP level 3. HP: 29/29 MP: 3/3
  1792 | D:2      | Found Boajau's Weapon Boutique.
  2144 | D:2      | Reached XP level 4. HP: 34/37 MP: 4/4
  2146 | D:2      | Reached skill level 1 in Throwing
  2359 | D:3      | Reached ** piety under Trog
  2490 | D:3      | Found a hazy altar of Hepliaklqana.
  2491 | D:3      | Found a glowing golden altar of the Shining One.
  2491 | D:3      | Found a shimmering altar of Xom.
  2495 | D:3      | Found a shimmering blue altar of Sif Muna.
  2698 | D:3      | Reached skill level 6 in Polearms
  3008 | D:4      | Reached XP level 5. HP: 23/42 MP: 5/5
  3366 | D:4      | Noticed an ogre
  3372 | D:4      | Killed an ogre
  3373 | D:4      | Reached skill level 7 in Polearms
  3373 | D:4      | Reached XP level 6. HP: 49/49 MP: 6/6
  3745 | D:4      | Found a staircase to the Ecumenical Temple.
  3971 | D:4      | Reached XP level 7. HP: 19/55 MP: 7/7
  4467 | D:5      | Entered Level 5 of the Dungeon
  4496 | D:4      | Reached skill level 8 in Polearms
  4663 | D:5      | Reached skill level 5 in Fighting
  5277 | D:5      | Reached *** piety under Trog
  5504 | D:5      | Noticed Prince Ribbit
  5531 | D:5      | Slain by Prince Ribbit

Illustrated notes

Levels and vault maps discovered:
D:1:      nagdon_arrival_double_spiral, layout_loops_ring,
          serial_co_window_serial, co_window_paths_a, co_window_corner_a,
          co_window_of_opportunity_a, co_window_paths_a, co_window_paths_a,
          co_window_corner_a, co_window_of_opportunity_a,
          co_window_of_opportunity_c, co_window_of_opportunity_c,
          co_window_unsneaky_path_b, co_window_broadway_c, co_window_corner_cb,
          co_window_4corner_b, glass_columns_a
D:2:      layout_loops_ring, hellmonk_ecumenical_altar_pennies_from_heaven,
          serial_shops, shop_fountains
D:3:      layout_basic, chequers_temple_overflow_statue_of_worship
D:4:      layout_basic, minmay_temple_entry_glassed_door, serial_curves,
          eino_curves_04, eino_curves_04, eino_curves_02
D:5:      layout_rooms, general_overflow_altar, chequers_serial_rivers_room_a,
          serial_bayou_pond_e, minmay_manual_maat, uniq_prince_ribbit1,
          uniq_duvessa

Skill      XL: |  1  2  3  4  5  6  7 |
---------------+----------------------+-----
Polearms       | 5 6 7 8 |  8.6
Throwing       | 1 2 3 |  3.0
Armour         | 2 3 |  3.0
Fighting       | 4 5 |  5.2
Dodging        | |  2.6

Action                   |  1- 3 |  4- 6 |  7- 9 || total
-------------------------+-------+-------+-------++-------
Melee: Spear             |   130 |   182 |   134 ||   446
Throw: Dart              |       |    14 |     5 ||    19
Invok: Berserk           |       |     1 |     4 ||     5
       Trog's Hand       |       |       |     2 ||     2
  Use: Scroll            |       |       |     9 ||     9
 Stab: Sleeping          |     4 |     1 |       ||     5
Armor: Animal skin       |    13 |     6 |       ||    19
       Ring mail         |       |    17 |    35 ||    52
Dodge: Dodged            |    47 |    63 |    47 ||   157

Table legend: (Time is in decaauts)
 A = Elapsed time spent in this place.
 B = Non-inter-level travel time spent in this place.
 C = Inter-level travel time spent in this place.
 D = Time resting spent in this place.
 E = Time spent auto-exploring this place.
 F = Levels seen in this place.
 G = Mean time per level.
                   A        B        C        D        E       F      G
               +--------+--------+--------+--------+--------+-----+--------+
         Total |   5474 |   5216 |    258 |    578 |   3845 |   5 | 1094.8 |
       Dungeon |   5474 |   5216 |    258 |    578 |   3845 |   5 | 1094.8 |
               +--------+--------+--------+--------+--------+-----+--------+

Top non-repeatable levels by time:
     D:4: 2178 daAuts
     D:1: 1397 daAuts
     D:2: 918 daAuts
     D:3: 643 daAuts
     D:5: 336 daAuts
